AoeStats
← IkeyTiger

Hideout

509077533Analyzed
1v1 RM · 5d ago on Sep 25, 2026· 52m 47s· 2 players
Game mode
Random Map
Map size
Tiny (2 player)
Population
200
Speed
Normal
Resources
Standard
Victory
Conquest
Starting age
Dark Age
Ending age
Imperial Age
RankedLock teamsTeams togetherTeam positionsShared explorationLock speedFull tech treeHidden civsTurbo modeCheats
Victory
Defeat
🇩🇪 Mongols · Germany
989
+17
🇺🇸 Chinese · United States
1002
-17
Juda
10:35 Feudal Age
11:31 Loom
16:06 Castle Age
14:52 Double-Bit Axe
15:35 Horse Collar
17:05 Bow Saw
18:07 Fletching
19:58 Padded Archer Armor
20:55 Bloodlines
23:17 Husbandry
24:36 Scale Barding Armor
25:26 Forging
25:57 Bodkin Arrow
27:06 Leather Archer Armor
28:09 Thumb Ring
29:42 Wheelbarrow
30:03 Iron Casting
29:32 Town Watch
29:47 Gold Mining
32:20 Chain Barding Armor
34:27 Hand Cart
34:55 Gold Shaft Mining
33:58 Elite Skirmisher
37:47 Imperial Age
35:18 Stone Mining
34:53 Light Cavalry
38:15 Ballistics
38:58 Bracer
39:13 Masonry
40:15 Stone Shaft Mining
40:43 Blast Furnace
40:28 Conscription
40:46 Parthian Tactics
42:56 Chemistry
43:28 Siege Engineers
44:19 Hoardings
44:30 Drill
44:18 Nomads
43:52 Heavy Cavalry Archer
45:49 Heavy Camel Rider
49:42 Murder Holes
50:25 Fortified Wall
49:40 Capped Ram
IkeyTiger
0:50 Loom
9:39 Feudal Age
14:48 Castle Age
13:15 Double-Bit Axe
22:29 Fletching
23:19 Ballistics
23:18 Bodkin Arrow
23:02 Crossbowman
28:34 Wheelbarrow
35:01 Thumb Ring
35:16 Hand Cart
42:38 Imperial Age
43:18 Arbalester
44:01 Bracer
49:26 Cavalier
Connection lost

Rejoining the realm…

Still unreachable

The connection could not be restored.

Session expired

The server has moved on; the page needs a fresh start.